AoeStats
← SkitterMcKitter

Black Forest

508522958Analyzed
2v2 RM · 11d ago on Sep 22, 2026· 66m 37s· 4 players
Game mode
Random Map
Map size
Medium (4 player)
Population
200
Speed
Normal
Resources
Standard
Victory
Conquest
Starting age
Dark Age
Ending age
Imperial Age
RankedLock teamsTeams togetherTeam positionsShared explorationLock speedFull tech treeHidden civsTurbo modeCheats
Victory
Defeat
🇧🇷 Franks · Brazil
757
+17
🇺🇸 Persians · United States
578
+23
🇺🇸 Byzantines · United States
765
-53
🇺🇸 Italians · United States
765
-53
thedarknight534
13:51 Feudal Age
13:11 Loom
15:36 Man-at-Arms
18:14 Wheelbarrow
19:54 Gold Mining
20:33 Double-Bit Axe
22:58 Fishing Lines
23:34 Scale Mail Armor
24:04 Fletching
28:21 Castle Age
26:45 Arson
26:58 Horse Collar
27:24 Stone Mining
29:43 Gillnets
31:11 Gold Shaft Mining
33:18 Imperial Age
31:34 Stone Shaft Mining
32:03 Bow Saw
32:23 Greek Fire
32:53 Crossbowman
34:45 Hand Cart
35:17 Padded Archer Armor
36:12 Chain Mail Armor
37:09 Leather Archer Armor
37:49 Heavy Plow
38:42 Conscription
39:25 Bodkin Arrow
39:37 Treadmill Crane
39:54 Murder Holes
40:39 Scale Barding Armor
40:40 Husbandry
41:23 Clinker Construction
41:56 Heavy Camel Rider
43:08 Light Cavalry
44:23 Bracer
44:35 Forging
44:17 Gambesons
46:55 Two-Man Saw
45:44 Elite Skirmisher
46:30 Thumb Ring
46:17 Long Swordsman
47:42 Pikeman
48:23 Squires
50:56 Halberdier
53:53 Chain Barding Armor
54:09 Iron Casting
54:06 Ring Archer Armor
56:33 Chemistry
55:27 Guard Tower
55:23 Arrowslits
55:31 Elite Varangian Guard
SkitterMcKitter
0:32 Loom
11:09 Feudal Age
11:40 Town Watch
16:03 Arson
16:11 Horse Collar
18:55 Double-Bit Axe
22:09 Wheelbarrow
22:12 Man-at-Arms
22:54 Gold Mining
23:00 Stone Mining
25:00 Bloodlines
28:53 Castle Age
29:40 Scale Mail Armor
29:42 Padded Archer Armor
29:34 Fletching
30:16 Bow Saw
29:59 Crossbowman
32:14 Hand Cart
31:27 Long Swordsman
32:41 Leather Archer Armor
32:38 Scale Barding Armor
36:04 Treadmill Crane
37:12 Forging
37:19 Husbandry
38:50 Town Patrol
40:20 Stone Shaft Mining
41:09 Iron Casting
40:53 Chain Mail Armor
40:11 Light Cavalry
42:13 Thumb Ring
45:35 Imperial Age
43:10 Squires
44:24 Guard Tower
44:31 Murder Holes
45:01 Ballistics
44:49 Siphons
44:35 Heated Shot
44:58 Masonry
45:01 Fortified Wall
44:54 Bodkin Arrow
47:46 Two-Man Saw
48:16 Pikeman
49:59 Keep
53:45 Two-Handed Swordsman
fadiobeid44
0:29 Loom
12:24 Feudal Age
13:40 Wheelbarrow
13:25 Horse Collar
14:26 Double-Bit Axe
21:32 Gold Mining
25:58 Castle Age
24:51 Arson
24:57 Town Watch
27:27 Hand Cart
27:37 Bow Saw
29:28 Stone Mining
31:05 Stone Shaft Mining
32:13 Man-at-Arms
32:17 Pikeman
32:24 Crossbowman
33:16 Heavy Plow
33:55 Gold Shaft Mining
33:11 Gambesons
33:53 Town Patrol
34:09 Kamandaran
40:28 Imperial Age
45:28 Crop Rotation
46:04 Two-Man Saw
46:08 Fishing Lines
48:59 Light Cavalry
49:20 Elite War Elephant
51:15 Masonry
51:02 Murder Holes
52:29 Husbandry
55:38 Chemistry
55:09 Architecture
54:52 Scale Barding Armor
54:57 Forging
55:48 Halberdier
58:06 Heavy Scorpion
67:03 Citadels
66:27 Hussar
Augustoso5906
11:47 Feudal Age
13:08 Wheelbarrow
12:27 Double-Bit Axe
14:51 Gold Mining
15:36 Stone Mining
16:55 Padded Archer Armor
21:46 Castle Age
22:19 Scale Barding Armor
22:31 Forging
22:14 Fletching
22:44 Hand Cart
21:55 Light Cavalry
23:46 Husbandry
27:59 Iron Casting
30:51 Crossbowman
33:01 Ballistics
32:52 Siphons
33:30 Chain Barding Armor
35:32 Caravan
35:58 Herbal Medicine
36:08 Herbal Medicine
38:46 Imperial Age
37:09 Gold Shaft Mining
40:50 Blast Furnace
40:27 Plate Barding Armor
39:15 Cavalier
41:54 Chemistry
41:18 Leather Archer Armor
41:01 Bodkin Arrow
42:04 Paladin
43:40 Heavy Scorpion
46:16 Elite Throwing Axeman
48:15 Conscription
52:36 Scale Mail Armor
52:26 Gambesons
52:42 Squires
52:27 Arson
52:03 Man-at-Arms
52:03 Pikeman
56:01 Chivalry
64:07 Town Watch
64:10 Loom
64:36 Siphons
64:17 Arrowslits
64:43 Clinker Construction
64:44 Careening
64:39 Siege Engineers
64:30 Murder Holes
64:26 Guard Tower
64:47 Fortified Wall
64:17 Treadmill Crane
64:48 Masonry
Connection lost

Rejoining the realm…

Still unreachable

The connection could not be restored.

Session expired

The server has moved on; the page needs a fresh start.